[Event "Early-Titled-Tuesday-Blitz-March-05-2024"]
[Site "Chess.com"]
[Date "2024.03.05"]
[Round "3"]
[White "Coach_Istvanovszki"]
[Black "Kiborg95"]
[Result "1/2-1/2"]
[WhiteElo "2448"]
[BlackElo "2794"]
[TimeControl "180+1"]
[EndTime "8:31:40 PST"]
[Termination "Game drawn by repetition"]

1. d4 d6 2. Nc3 Nf6 3. e4 e5 4.
Nf3 Nbd7 5. Bc4 Be7 6. O-O O-O 7.
Re1 c6 8. a4 h6 9. h3 Re8 10. Ba2 a5 11. Be3 exd4 12. Nxd4 Bf8 13. Nf5 Ne5 14. Ng3 Be6 15. Bxe6 Rxe6 16. b3 Qc7 17.
Qd2 Rae8 18. Rad1 Ned7 19. Nf5 Nc5 20. f3 Ncd7 21. Ne2 d5 22. Ned4 Re5 23. Bf4 dxe4 24. fxe4 Nc5 25. Bxe5 Qxe5 26. Nf3 Qc7 27. e5 Nh7 28. Nd6 Rd8 29. Qe3 Ne6 30. Nd4 Nhg5 31. Nxe6 Nxe6 32. Kh1 Bxd6 33. exd6 Rxd6 34. Rxd6 Qxd6 35.
Re2 Qa3 36. Rd2 Qa1+ 37. Kh2 g5 38. Rd7 b5 39. Qe4 bxa4 40. Qf5 Qg7 41. Ra7 axb3 42. Ra8+ Nf8 43. cxb3 Qc3 44. Qc8 Qb4 45. Rb8 Qd6+ 46.
Kh1 Kg7 47. Qd8 Qc5 48. Ra8 Ne6 49. Qxa5 Qc1+ 50. Kh2 Qf4+ 51. Kh1 Qf1+ 52. Kh2 Qf4+ 53. Kh1 Qf1+ 54. Kh2 Qf4+ 1/2-1/2

[Event "Early-Titled-Tuesday-Blitz-March-05-2024"]
[Site "Chess.com"]
[Date "2024.03.05"]
[Round "3"]
[White "DeArron_Fox"]
[Black "HATilay"]
[Result "1-0"]
[WhiteElo "2499"]
[BlackElo "2673"]
[TimeControl "180+1"]
[EndTime "8:31:40 PST"]
[Termination "DeArron_Fox won by resignation"]

1. d4 Nf6 2. c4 e6 3. Nf3 d5 4.
Nc3 Nbd7 5. Bf4 Bb4 6. e3 c5 7. Rc1 O-O 8. a3 Bxc3+ 9. Rxc3 Ne4 10. Rc1 Qa5+ 11. Nd2 cxd4 12. exd4 e5 13. dxe5 Re8 14.
Be2 Nxe5 15. O-O Ng6 16. Be3 d4 17. Nb3 Qc7 18. Nxd4 a6 19. Re1 Bd7 20. c5 Rad8 21. Qc2 Rc8 22. c6 bxc6 23. Bxa6 Rb8 24. b4 Nf6 25.
Nxc6 Ra8 26. b5 Qd6 27. Red1 Qxa3 28. Bc5 Bf5 29. Qxf5 Qb2 30. Bd4 Qa2 31. Bxf6 gxf6 32. Qxf6 Re6 33. Qf3 Rae8 34. h3 Qb2 35. Qg3 Kh8 36. Nd4 Re4 37. Nf3 Kg8 38. Bb7 Qb4 39.
Bxe4 Qxe4 40. Re1 Qa8 41. Rxe8+ Qxe8 42. b6 Qc8 43. Rxc8+ 1-0

[Event "Early-Titled-Tuesday-Blitz-March-05-2024"]
[Site "Chess.com"]
[Date "2024.03.05"]
[Round "3"]
[White "ProChessWICTH"]
[Black "ploxoi"]
[Result "1-0"]
[WhiteElo "2622"]
[BlackElo "2449"]
[TimeControl "180+1"]
[EndTime "8:31:41 PST"]
[Termination "ProChessWICTH won by checkmate"]

1. e4 c5 2. Nf3 e6 3. c3 d5 4.
exd5 Qxd5 5. Na3 Nf6 6. d4 Nc6 7. Be2 cxd4 8. Nb5 Qd8 9. Nbxd4 Nxd4 10. Nxd4 a6 11. O-O Bc5 12. Nb3 Bd6 13. Bf3 Qc7 14.
h3 O-O 15. Bg5 Bd7 16. Bxf6 gxf6 17. Re1 Rad8 18. Qd4 Bf4 19. Qxf6 Rfe8 20. Bxb7 Bd6 21. Be4 Be7 22. Qh6 f5 23. Bf3 Bf8 24. Qg5+ Kh8 25.
Nd4 Bg7 26. Bh5 Rg8 27. Qh4 e5 28. Bg6 h6 29. Nxf5 Bxf5 30. Bxf5 Rd2 31. Rad1 Rgd8 32. Bc2 Qb6 33. Qe4 Qxf2+ 34. Kh1 Kg8 35. Qh7+ Kf8 36. Rg1 Rxd1 37. Bxd1 Rd2 38. Bb3 Qg3 39. Qg8+ Ke7 40. Qe6+ Kf8 41. Qf7# 1-0

[Event "Early-Titled-Tuesday-Blitz-March-05-2024"]
[Site "Chess.com"]
[Date "2024.03.05"]
[Round "3"]
[White "tarno17"]
[Black "MdChess1734"]
[Result "1-0"]
[WhiteElo "2155"]
[BlackElo "2375"]
[TimeControl "180+1"]
[EndTime "8:31:41 PST"]
[Termination "tarno17 won on time"]

1. e4 d5 2. exd5 Nf6 3. Nc3 Nxd5 4. d4 Nb6 5. Nf3 Bf5 6. Bf4 e6 7. Bd3 Bg6 8. O-O Nc6 9. Nb5 Nd5 10. Bg3 a6 11. Nc3 Nb6 12. a3 Be7 13. Ne2 Bf6 14.
c3 Bxd3 15. Qxd3 Qd5 16. Bxc7 Nc4 17. b3 Nd6 18. Nf4 Qf5 19. Bxd6 Kd7 20. Qxf5 exf5 21. Be5 Be7 22. Bxg7 Rhg8 23. Ne5+ Nxe5 24. Bxe5 f6 25. Nd5 fxe5 26. Nb6+ Kc6 27. Nxa8 exd4 28. cxd4 Rxa8 29. b4 Bd6 30. Rac1+ Kd5 31. Rfd1 Rg8 32. f3 h5 33. Rc2 h4 34. h3 Re8 35. Kf1 Bf4 36. Re2 Rd8 37. Re7 b5 38. Rf7 Ke6 39. Ra7 1-0

[Event "Early-Titled-Tuesday-Blitz-March-05-2024"]
[Site "Chess.com"]
[Date "2024.03.05"]
[Round "3"]
[White "RobertoJBM"]
[Black "Pingah9"]
[Result "0-1"]
[WhiteElo "2841"]
[BlackElo "2599"]
[TimeControl "180+1"]
[EndTime "8:31:43 PST"]
[Termination "Pingah9 won on time"]

1. d4 g6 2. e4 Bg7 3. Nc3 d6 4. Be3 a6 5. a4 b6 6. f3 Bb7 7. Qd2 Nd7 8. h4 h6 9. Nh3 e6 10. Nf2 Ne7 11. g4 c5 12. h5 g5 13. Be2 cxd4 14.
Bxd4 Ne5 15. Qe3 Nc8 16. Rd1 Qc7 17. O-O O-O 18. Kg2 Rb8 19. Rd2 Ba8 20. Bxa6 Ne7 21. Qe2 N7c6 22. Be3 Rfd8 23. Rfd1 Nb4 24. Bd3 d5 25.
exd5 Nxd5 26. Nxd5 Bxd5 27. Be4 Nc4 28. Bxd5 Nxd2 29.
Rxd2 Rxd5 30. Rxd5 exd5 31. c3 Qc4 32. Qxc4 dxc4 33.
Ne4 b5 34. a5 b4 35. cxb4 Rxb4 36. a6 Rxb2+ 37. Kf1 Ra2 38. a7 c3 39. Ke1 Ra1+ 40.
Ke2 Be5 41. Nc5 Bf4 42. Nd3 Ra2+ 43. Ke1 Bxe3 44. Nb4 Rxa7 0-1

[Event "Early-Titled-Tuesday-Blitz-March-05-2024"]
[Site "Chess.com"]
[Date "2024.03.05"]
[Round "3"]
[White "kids2010"]
[Black "chessamical"]
[Result "1-0"]
[WhiteElo "2769"]
[BlackElo "2125"]
[TimeControl "180+1"]
[EndTime "8:31:43 PST"]
[Termination "kids2010 won on time"]

1. e4 e6 2. Nc3 d5 3. d4 Bb4 4. e5 c5 5. a3 Bxc3+ 6. bxc3 Ne7 7. h4 b6 8. Bb5+ Bd7 9. Bd3 Ba4 10. h5 h6 11. Nf3 c4 12. Be2 Nbc6 13. Be3 b5 14. O-O a5 15. Qd2 Nf5 16. Nh2 Qh4 17. Bg4 Nxe3 18. fxe3 Ra7 19. Rf4 Qe7 20. Qf2 O-O 21. Nf3 b4 22. axb4 axb4 23. cxb4 Nxb4 24. Nh4 Bxc2 25.
Rxa7 Qxa7 26. Kh2 Nd3 27. Qxc2 Nxf4 28. exf4 Qxd4 29. Kg3 Qe3+ 30. Nf3 c3 31. f5 exf5 32. Bxf5 d4 33. Qd3 Rd8 34. Be4 Rc8 35. Qxe3 dxe3 36. Ne1 Rc5 37. Kf4 e2 38. Nc2 Kf8 39. g4 Ke7 40. Bf5 f6 41. exf6+ Kxf6 42. Kf3 Re5 43. Ne1 Kg5 44. Bd3 Kh4 45. Bxe2 Rxe2 46. Kxe2 Kxg4 47. Ng2 1-0

[Event "Early-Titled-Tuesday-Blitz-March-05-2024"]
[Site "Chess.com"]
[Date "2024.03.05"]
[Round "3"]
[White "FlemingA"]
[Black "PavelShkapenko"]
[Result "0-1"]
[WhiteElo "2443"]
[BlackElo "2746"]
[TimeControl "180+1"]
[EndTime "8:31:44 PST"]
[Termination "PavelShkapenko won by resignation"]

1. Nc3 e5 2. Nf3 Nc6 3. d4 exd4 4. Nxd4 Nf6 5. Bg5 Bb4 6. Nxc6 bxc6 7. Qd4 Qe7 8. Bxf6 gxf6 9. e3 Rb8 10. O-O-O Bc5 11. Qh4 d5 12. Bd3 Rb4 13. Qh6 Rxb2 14. Na4 Rxa2 15.
Nxc5 Qxc5 16. Qxf6 Rg8 17. Bxh7 Qa5 18. Bxg8 Ra1+ 19.
Qxa1 Qxa1+ 20. Kd2 Qg7 21. Bxf7+ Qxf7 22. Ke2 Bf5 23. Rd2 Qg6 24. Rg1 Qh5+ 25. f3 Qxh2 26. Kf2 Qe5 27. Re2 Kd7 28. g4 Qh2+ 29. Rg2 Qh4+ 30.
Rg3 Be6 31. Kg2 a5 32. c3 a4 33. g5 Qh7 34. g6 Qg7 35. Kh2 Bf5 36. Reg2 a3 37. Kg1 Bb1 38. f4 a2 39. f5 a1=Q 40.
f6 Bxg6+ 41. Kh2 Qh6+ 42. Rh3 Qxh3+ 43. Kxh3 Qb1 44. Kg4 Qf5+ 45. Kg3 Qxf6 46. Rf2 Qg5+ 0-1

[Event "Early-Titled-Tuesday-Blitz-March-05-2024"]
[Site "Chess.com"]
[Date "2024.03.05"]
[Round "3"]
[White "FuenfgegenWilly"]
[Black "JaackCamel"]
[Result "1-0"]
[WhiteElo "2438"]
[BlackElo "2219"]
[TimeControl "180+1"]
[EndTime "8:31:44 PST"]
[Termination "FuenfgegenWilly won by resignation"]

1. e4 e6 2. Nc3 d5 3. d4 Bb4 4.
exd5 exd5 5. Bd3 Nf6 6. Nf3 O-O 7. O-O Bg4 8. h3 Bh5 9. g4 Bg6 10.
Ne5 c6 11. Bg5 Be7 12. f4 Bxd3 13. Qxd3 Nbd7 14. Rae1 Ne4 15. Bxe7 Qxe7 16. Nxd7 Qxd7 17. Nxe4 dxe4 18. Rxe4 Rad8 19. Rfe1 c5 20. c3 cxd4 21. Rxd4 Qc7 22. Rd1 Rxd4 23. Qxd4 h6 24. Kf2 Qa5 25. a3 Qb5 26. Rd2 a6 27. a4 Qc6 28. Qd5 Qb6+ 29.
Kg2 Qf6 30. Qd6 Qh4 31. Re2 h5 32. Qd7 Qf6 33. Re4 hxg4 34. hxg4 Qb6 35. Re2 Qh6 36.
Qxb7 Qxf4 37. Qf3 Qc1 38. Qf1 Qg5 39. Qf5 Qc1 40. a5 Rd8 41. Qf2 Qg5 42. Qf3 Qxa5 43.
Rf2 Rf8 44. b4 Qc7 45. Rd2 a5 46. b5 Re8 47. Rf2 Qc4 48. b6 Rf8 49. b7 Qb5 50. Qe4 a4 51. c4 Qb3 52. c5 a3 53. c6 a2 54. c7 a1=Q 55. c8=Q Qbd1 56. Qxf8+ 1-0

[Event "Early-Titled-Tuesday-Blitz-March-05-2024"]
[Site "Chess.com"]
[Date "2024.03.05"]
[Round "3"]
[White "Vse_po_kaify"]
[Black "HajiyevKanan"]
[Result "1-0"]
[WhiteElo "2322"]
[BlackElo "2528"]
[TimeControl "180+1"]
[EndTime "8:31:45 PST"]
[Termination "Vse_po_kaify won by resignation"]

1. e4 c6 2. c4 d5 3. Nc3 dxe4 4. Nxe4 Nf6 5. Nxf6+ exf6 6. Nf3 Bg4 7. Qb3 Qb6 8. Be2 Bc5 9. O-O O-O 10. Qxb6 axb6 11.
a3 Rd8 12. Rb1 Nd7 13. b4 Bxf3 14. Bxf3 Bd4 15. Rb3 Ne5 16. Be2 Rd7 17. g3 Rad8 18. Kg2 c5 19. f4 Nc6 20. Bf3 Rd6 21. Re1 Kf8 22. Bd5 f5 23. b5 Na5 24. Rd3 g6 25. h4 h5 26. Kf3 Bf6 27. Rde3 Bd4 28. Re7 R6d7 29. Rxd7 Rxd7 30. a4 Nb3 31. d3 Bc3 32.
Rd1 Nd4+ 33. Kf2 Re7 34. Be3 Nc2 35. Bd2 Bd4+ 36. Kf3 Ne3 37. Bxe3 Rxe3+ 38. Kg2 Re2+ 39. Kh3 Re7 40. Rd2 Ke8 41. Kg2 Kd8 42. Kf1 Kc7 43. Re2 Be3 44. Bxf7 Kd6 45. Bxg6 Rg7 46. Rxe3 Rxg6 47.
Kf2 Rg8 48. Re5 Ra8 49. Rxf5 Rxa4 50. Rf6+ Kc7 51. f5 Ra3 52. Ke3 Ra2 53. Rf7+ Kd6 54. Rxb7 Rg2 55. Rxb6+ Ke5 56. Rg6 Kxf5 57. Rg5+ Kf6 58.
Rxh5 Rxg3+ 59. Kd2 Rg4 60. Rxc5 Rxh4 61. b6 Rh8 62. Kc3 Ke6 63. Kb4 Kd6 64. Kb5 Rh1 65.
Rd5+ Ke7 66. Kc6 Rb1 67. Kc7 1-0

[Event "Early-Titled-Tuesday-Blitz-March-05-2024"]
[Site "Chess.com"]
[Date "2024.03.05"]
[Round "3"]
[White "janhelmer03"]
[Black "PawnEatingZombie"]
[Result "0-1"]
[WhiteElo "2396"]
[BlackElo "2201"]
[TimeControl "180+1"]
[EndTime "8:31:45 PST"]
[Termination "PawnEatingZombie won on time"]

1. d4 Nf6 2. c4 g6 3. Nc3 Bg7 4. e4 d6 5. Nf3 O-O 6. Be2 e5 7. O-O exd4 8. Nxd4 Re8 9. f3 c6 10. Nc2 Na6 11. Bf4 d5 12. cxd5 cxd5 13. exd5 Qb6+ 14.
Kh1 Nh5 15. Bd2 Bd7 16. f4 Nf6 17. Bf3 Rac8 18. Bc1 h5 19. h3 Bf5 20. Nd4 Ne4 21. Nxe4 Bxe4 22. Bxe4 Rxe4 23. Nb3 Rce8 24. Qf3 Nb4 25.
Bd2 Nc2 26. Rac1 Ne3 27. Bxe3 Rxe3 28. Qf2 Qa6 29. Rfd1 Qxa2 30. Nc5 b6 31. Nb7 Qxb2 32. Qxb2 Bxb2 33. Rc2 Bf6 34. d6 Re1+ 35. Rxe1 Rxe1+ 36. Kh2 Rd1 37. Rc7 Kg7 38. d7 a5 39. g4 hxg4 40.
hxg4 g5 41. f5 a4 42. Kg2 a3 0-1

[Event "Early-Titled-Tuesday-Blitz-March-05-2024"]
[Site "Chess.com"]
[Date "2024.03.05"]
[Round "3"]
[White "KVAIDAN"]
[Black "deepfear"]
[Result "1-0"]
[WhiteElo "2336"]
[BlackElo "1966"]
[TimeControl "180+1"]
[EndTime "8:31:45 PST"]
[Termination "KVAIDAN won on time"]

1. f4 g6 2. Nf3 Bg7 3. e4 e6 4. Nc3 Ne7 5. Be2 O-O 6. O-O c5 7. d3 Nbc6 8. Qe1 f5 9. Qh4 h6 10. Be3 Nd4 11. Bd1 Nec6 12. Qg3 Kh7 13. Ne2 Nxf3+ 14. Rxf3 Nd4 15. Rf1 b6 16. c3 Nxe2+ 17. Bxe2 Bb7 18. Bf3 d5 19. Rad1 d4 20. exf5 exf5 21.
Bxb7 dxe3 22. Bxa8 e2 23. Bf3 exf1=Q+ 24. Kxf1 Re8 25.
Qf2 Qd6 26. g3 b5 27. h4 b4 28. cxb4 Bd4 29. Qc2 cxb4 30. h5 Bb6 31. hxg6+ Kxg6 32. Qc4 Qd4 33. Qxd4 Bxd4 34. b3 Rc8 35. Rd2 Rc1+ 36. Kg2 Rg1+ 37. Kh2 Rc1 38. Re2 Rf1 39. Bg2 Bg1+ 40.
Kh3 Rd1 41. Re6+ Kf7 42. Rd6 Bb6 43. g4 fxg4+ 44. Kxg4 Rg1 45. Kf3 Bc7 46. Rxh6 Bb6 47.
Rh7+ 1-0

[Event "Early-Titled-Tuesday-Blitz-March-05-2024"]
[Site "Chess.com"]
[Date "2024.03.05"]
[Round "3"]
[White "ansko1999"]
[Black "mishanick"]
[Result "0-1"]
[WhiteElo "2731"]
[BlackElo "3069"]
[TimeControl "180+1"]
[EndTime "8:31:47 PST"]
[Termination "mishanick won on time"]

1. e4 c5 2. Nf3 d6 3. Bb5+ Bd7 4. Bxd7+ Nxd7 5. O-O e6 6. Qe2 Be7 7. c3 Ngf6 8. d4 O-O 9. Rd1 cxd4 10. cxd4 b5 11.
e5 dxe5 12. dxe5 Nd5 13. Qxb5 Qc7 14. Qe2 Rac8 15. Nc3 Nxc3 16. bxc3 Nb6 17. Bg5 Bxg5 18. Nxg5 h6 19. Nf3 Qxc3 20. h4 Nd5 21. g3 Qa3 22. Rd3 Qa6 23. Rd2 Qa5 24. Nd4 Nc3 25. Qe3 Nd5 26. Qe2 Rfd8 27. Nb3 Qb4 28. Rad1 Rd7 29.
Qa6 Rdc7 30. Qa5 Qe4 31. Nd4 Nc3 32. Nb5 Ne2+ 33. Kh2 Qf3 34. Rf1 Rc4 35. Nd6 Rxh4+ 36. gxh4 Qf4+ 37. Kg2 Qg4+ 38. Kh2 Qxh4+ 39. Kg2 Qg4+ 40.
Kh2 Rc3 0-1

[Event "Early-Titled-Tuesday-Blitz-March-05-2024"]
[Site "Chess.com"]
[Date "2024.03.05"]
[Round "3"]
[White "PeshkaCh"]
[Black "SahibSinghKnight"]
[Result "0-1"]
[WhiteElo "2832"]
[BlackElo "2581"]
[TimeControl "180+1"]
[EndTime "8:31:47 PST"]
[Termination "SahibSinghKnight won by checkmate"]

1. Nf3 Nf6 2. d4 e6 3. c4 d5 4. Nc3 Be7 5. Bg5 Nbd7 6. e3 h6 7. Bh4 O-O 8. Qc2 c5 9. cxd5 Nxd5 10. Nxd5 Bxh4 11. Nxh4 exd5 12. Nf5 c4 13. b3 Nf6 14.
Ng3 b5 15. Be2 Qa5+ 16. Qd2 Qxd2+ 17. Kxd2 Bd7 18. e4 Rfc8 19. e5 Ne8 20. b4 a5 21.
a3 Nc7 22. Kc3 Ra6 23. Nf1 axb4+ 24. Kxb4 Ra4+ 25. Kc3 b4+ 26. Kc2 Nb5 27. Ne3 Nxd4+ 28. Kd1 Be6 29. f4 Rca8 30. Ke1 Rxa3 31. Rxa3 Rxa3 32.
Kf2 Ra2 33. Re1 b3 34. g4 Rxe2+ 35. Rxe2 Nxe2 36. Nd1 Nxf4 37. Nc3 Nd3+ 38. Ke3 Nxe5 39. h3 Nc6 40. Kd2 d4 41. Na4 c3+ 42. Kd3 b2 43. Kc2 Bb3+ 44. Kxb3 b1=Q+ 45. Ka3 Qb4+ 46. Ka2 Qxa4+ 47.
Kb1 Nb4 48. Kc1 Qa1# 0-1

[Event "Early-Titled-Tuesday-Blitz-March-05-2024"]
[Site "Chess.com"]
[Date "2024.03.05"]
[Round "3"]
[White "Incognito_Knight"]
[Black "Chopper1905"]
[Result "1-0"]
[WhiteElo "2720"]
[BlackElo "2943"]
[TimeControl "180+1"]
[EndTime "8:31:48 PST"]
[Termination "Incognito_Knight won by resignation"]

1. e4 c5 2. d4 cxd4 3. Qxd4 Nc6 4. Qd3 Nf6 5. Nc3 g6 6. Nf3 Bg7 7. Be2 O-O 8. O-O b6 9. Nd5 Bb7 10. c3 Nh5 11. Bg5 h6 12. Bh4 g5 13. Bg3 d6 14.
Rad1 Rc8 15. Rfe1 Nxg3 16. hxg3 g4 17. Nh4 Ne5 18. Qe3 e6 19. Nf4 Nc4 20. Qc1 Qg5 21.
Bxc4 Rxc4 22. Rxd6 Rxe4 23. Rxe4 Bxe4 24. Qe3 Bb1 25.
a3 Qb5 26. Qd2 Be4 27. Kh2 a5 28. f3 gxf3 29. Nxf3 Ba8 30. Rd8 Bf6 31. Rxf8+ Kxf8 32. Nd4 Qc4 33. Nfxe6+ fxe6 34. Qxh6+ Ke7 35. Qh7+ Kd6 36. Qg8 Bxd4 37. cxd4 Qd5 38. Qd8+ Kc6 39. Qxa8+ Kb5 40. Qxd5+ exd5 41. g4 Kc6 42. g5 Kd6 43. Kg3 Ke6 44.
Kf4 b5 45. g3 a4 46. g4 b4 47. axb4 1-0

[Event "Early-Titled-Tuesday-Blitz-March-05-2024"]
[Site "Chess.com"]
[Date "2024.03.05"]
[Round "3"]
[White "JSPrepz"]
[Black "ukchessbomber"]
[Result "1/2-1/2"]
[WhiteElo "2867"]
[BlackElo "2659"]
[TimeControl "180+1"]
[EndTime "8:31:49 PST"]
[Termination "Game drawn - insufficient material"]

1. e4 b6 2. d4 Bb7 3. Nc3 d6 4. Nf3 Nd7 5. a4 a6 6. Bd3 g6 7.
Ne2 Bg7 8. Ng3 e5 9. c3 Ne7 10. h4 h6 11. h5 g5 12. d5 O-O 13. Nh2 f5 14. exf5 Bxd5 15. O-O Nc5 16. Bc2 e4 17. Ng4 Bc4 18. Re1 Bd3 19. f6 Bxf6 20. Nxh6+ Kh7 21. Ng4 d5 22. Nxf6+ Rxf6 23. Bxg5 Rf7 24.
b4 Bxc2 25. Qxc2 Nd3 26. Nxe4 Nxe1 27. Nf6+ Kh8 28. Rxe1 Qd6 29. Ng4 Raf8 30. Qd3 c5 31. Ne5 Rg7 32. Bxe7 Rxe7 33. Ng6+ Qxg6 34. Qxg6 Rxe1+ 35. Kh2 Rxf2 36. Qxb6 Ree2 37. Qd8+ Kh7 38. Qxd5 cxb4 39.
cxb4 Rb2 40. b5 axb5 41. axb5 Kg7 42. b6 Rxb6 43. Qd7+ Kh6 44. Qd4 Rbb2 45. Qh8+ Kg5 46. Qg7+ Kxh5 47. Kh3 Rxg2 48. Qxg2 Rxg2 49. Kxg2 1/2-1/2

[Event "Early-Titled-Tuesday-Blitz-March-05-2024"]
[Site "Chess.com"]
[Date "2024.03.05"]
[Round "3"]
[White "Roman_Ovetchkin"]
[Black "AsaHoffmann"]
[Result "1-0"]
[WhiteElo "2596"]
[BlackElo "2425"]
[TimeControl "180+1"]
[EndTime "8:31:49 PST"]
[Termination "Roman_Ovetchkin won on time"]

1. d4 Nf6 2. c4 c5 3. d5 e5 4. Nc3 d6 5. e4 Be7 6. h3 Nbd7 7.
Bd3 Nf8 8. Nf3 Ng6 9. g3 O-O 10. a3 Ne8 11. b4 b6 12. Bd2 Bd7 13. Qc2 Qc8 14. h4 f5 15. h5 Nh8 16. exf5 Bxf5 17.
Bxf5 Rxf5 18. Qd3 Nf6 19. Ne4 Nxe4 20. Qxe4 Qf8 21. Ke2 Qf7 22. g4 Rf4 23. Bxf4 exf4 24.
bxc5 Bf6 25. Kd3 Bxa1 26. Rxa1 bxc5 27. Qe6 Re8 28. Qxf7+ Nxf7 29. Rb1 h6 30. Rb7 a5 31. a4 Kf8 32. Rb5 Ra8 33. Ke4 Re8+ 34. Kxf4 Re2 35. Kg3 Rc2 36. Nh4 Rxc4 37. Nf5 Rb4 38. Rxa5 Ke8 39. Ra8+ Kd7 40. Ra7+ Ke8 41. Nxg7+ Kf8 42. Ne6+ Kg8 43. f4 c4 44. a5 c3 45. Rc7 Ra4 46.
Rc8+ Kh7 47. Rxc3 Rxa5 48. Rc7 Kg8 49. g5 hxg5 50. fxg5 Rxd5 51. Rc8+ Kh7 52. g6+ Kh6 53. gxf7 1-0

[Event "Early-Titled-Tuesday-Blitz-March-05-2024"]
[Site "Chess.com"]
[Date "2024.03.05"]
[Round "3"]
[White "miraitrunks"]
[Black "AttilaTurzo"]
[Result "0-1"]
[WhiteElo "2176"]
[BlackElo "2474"]
[TimeControl "180+1"]
[EndTime "8:31:50 PST"]
[Termination "AttilaTurzo won by resignation"]

1. e4 c5 2. Nc3 d6 3. Nge2 Nf6 4. d3 g6 5. h3 Bg7 6. Be3 Nc6 7. g4 Rb8 8. a4 a6 9. Bg2 b5 10. axb5 axb5 11. Ng3 b4 12. Nce2 Nd7 13. d4 cxd4 14. Nxd4 Bb7 15. O-O O-O 16. Nxc6 Bxc6 17. Bd4 Nc5 18. Bxg7 Kxg7 19. Qd4+ e5 20. Qd2 Qe7 21.
Rad1 Rfd8 22. f4 Ne6 23. f5 Nf4 24. Rxf4 exf4 25. Qxf4 f6 26. h4 Be8 27. g5 Bf7 28. Qg4 fxg5 29. Rf1 Kh8 30. hxg5 Rbc8 31. Rf2 Rf8 32.
f6 Qe5 33. Qh4 Rc5 34. Qh6 Rg8 35. Nf5 gxf5 36. Rf3 fxe4 37. Rh3 Qf5 38. Rh4 Qg6 39. Bxe4 Qxh6 40. Rxh6 Rcxg5+ 41. Kf2 Bg6 42. f7 Rf8 43. Bxg6 Rxg6 0-1

[Event "Early-Titled-Tuesday-Blitz-March-05-2024"]
[Site "Chess.com"]
[Date "2024.03.05"]
[Round "3"]
[White "rubicapa"]
[Black "bulletteemo"]
[Result "0-1"]
[WhiteElo "2424"]
[BlackElo "2593"]
[TimeControl "180+1"]
[EndTime "8:31:51 PST"]
[Termination "bulletteemo won by resignation"]

1. e4 c5 2. c3 Nf6 3. e5 Nd5 4. Nf3 Nc6 5. g3 d6 6. exd6 Qxd6 7. Bg2 g6 8. O-O Bg7 9. Na3 O-O 10. d4 cxd4 11. Nb5 Qc5 12. Nbxd4 Bg4 13. Nb3 Qd6 14.
h3 Bxf3 15. Bxf3 Rad8 16. Bg5 h6 17. Bxd5 Qxd5 18. Qxd5 Rxd5 19. Be3 b6 20. Rfd1 Rfd8 21.
Rxd5 Rxd5 22. Kf1 Ne5 23. Ke2 Nc4 24. Bc1 f5 25. Nd2 Nd6 26. a4 e5 27. a5 Rxa5 28.
Rxa5 bxa5 29. Nb3 Nb7 30. Kd3 a4 31. Nd2 Na5 32. f3 Kf7 33. c4 Ke6 34. Kc3 Nc6 35.
Kd3 a5 36. g4 Nb4+ 37. Ke2 Kd6 38. gxf5 gxf5 39. Nf1 f4 40. Nd2 Kc5 41. Kd1 Nc6 42. Kc2 Kd4 43. Ne4 Kxc4 44. Nd6+ Kd5 45. Nf5 Bf8 46. Bd2 Nd4+ 47. Nxd4 Kxd4 48. Bxa5 Ke3 49. Bc7 Bg7 0-1

[Event "Early-Titled-Tuesday-Blitz-March-05-2024"]
[Site "Chess.com"]
[Date "2024.03.05"]
[Round "3"]
[White "vi_pranav"]
[Black "DavidGavrilescu18"]
[Result "1-0"]
[WhiteElo "3080"]
[BlackElo "2756"]
[TimeControl "180+1"]
[EndTime "8:31:52 PST"]
[Termination "vi_pranav won by resignation"]

1. e4 c5 2. Nf3 e6 3. b3 a6 4.
Bb2 d5 5. e5 Nc6 6. g3 f6 7.
Bg2 fxe5 8. Nxe5 Nxe5 9. Bxe5 Nf6 10. O-O Bd6 11. Bxd6 Qxd6 12. Re1 O-O 13. d4 Bd7 14. c3 Rae8 15. Re5 Bc6 16. Nd2 Nd7 17. Re3 e5 18. dxe5 Nxe5 19. Qe2 Ng6 20. Rd1 Rxe3 21. Qxe3 Re8 22.
Qd3 Ne5 23. Qf1 Qf6 24. h3 h6 25. Re1 Rf8 26. f4 Nd7 27. Qd3 Qf7 28. c4 Nf6 29. cxd5 Bxd5 30. Bxd5 Nxd5 31. Nc4 Nb4 32. Qd6 Re8 33.
Ne5 Qf5 34. Qxc5 Qxh3 35. Qc4+ Kh7 36. Qxb4 Qxg3+ 37. Kf1 Rf8 38. Qxf8 Qh3+ 39. Ke2 Qg2+ 40. Ke3 Qg3+ 41. Nf3 Qg6 42. Qc5 Qe6+ 43. Kf2 Qg4 44.
Qc2+ Kg8 45. Qe4 Qh3 46. Qe6+ 1-0

[Event "Early-Titled-Tuesday-Blitz-March-05-2024"]
[Site "Chess.com"]
[Date "2024.03.05"]
[Round "3"]
[White "Schattman"]
[Black "tetrix83"]
[Result "0-1"]
[WhiteElo "2435"]
[BlackElo "2610"]
[TimeControl "180+1"]
[EndTime "8:31:52 PST"]
[Termination "tetrix83 won on time"]

1. d4 Nf6 2. Nf3 g6 3. g3 Bg7 4. Bg2 O-O 5. O-O d6 6. Re1 Nbd7 7. e4 e5 8. Nc3 Re8 9. Be3 c6 10. h3 b5 11. a3 Qc7 12. d5 Bb7 13. Bf1 a6 14.
dxc6 Bxc6 15. Nd5 Qb7 16. Nxf6+ Nxf6 17. Qxd6 Nxe4 18. Qb4 a5 19. Qb3 a4 20. Qd3 Rad8 21.
Qe2 Nxg3 22. fxg3 Bxf3 23. Qxb5 Qa8 24. b4 axb3 25. cxb3 e4 26. Ra2 Rb8 27. Qc4 Rec8 28. Qa4 Qxa4 29. bxa4 Rb3 30. Bf2 Ra8 31. Re3 Rb1 32. Rc2 Bd4 33. Rxf3 exf3 34. Bxd4 f6 35. Bc5 Rxa4 36. Kf2 Kg7 37. Bb4 Ra8 38. Bc4 Rh1 39. Kxf3 Rxh3 40. Kg2 Rh5 41. Be2 Re5 42. Bf3 Rd8 43. g4 Re3 44. Kf2 Rde8 45. Rc7+ Kh6 0-1

[Event "Early-Titled-Tuesday-Blitz-March-05-2024"]
[Site "Chess.com"]
[Date "2024.03.05"]
[Round "3"]
[White "carloseduar100"]
[Black "FMStan15"]
[Result "1-0"]
[WhiteElo "2368"]
[BlackElo "2075"]
[TimeControl "180+1"]
[EndTime "8:31:52 PST"]
[Termination "carloseduar100 won by resignation"]

1. e4 e6 2. Nf3 d5 3. exd5 exd5 4. Bd3 Bd6 5. O-O Ne7 6. c4 O-O 7. cxd5 Bf5 8. Bxf5 Nxf5 9. d4 Nd7 10. Nc3 Nb6 11. Re1 Re8 12. Bg5 f6 13. Bd2 Bb4 14.
Qb3 Bxc3 15. bxc3 Qxd5 16. Qxd5+ Nxd5 17. g3 Kf7 18. a4 Nd6 19. Kf1 Nc4 20. Rxe8 Rxe8 21.
Be1 b6 22. Nd2 Nxd2+ 23. Bxd2 a5 24. c4 Ne7 25. Re1 Nc6 26. Rxe8 Kxe8 27. Bc3 Kd7 28. Ke2 Ne7 29. Kd3 c6 30. Bd2 Ke6 31. Bf4 Kd7 32. h4 f5 33. Bg5 Nc8 34. Ke3 Nd6 35. Kd3 Ne4 36. Be3 g6 37. d5 cxd5 38. Bxb6 dxc4+ 39. Kxc4 Kc6 40. Bxa5 Nxf2 41. Be1 Ne4 42.
Kd4 Kd6 43. a5 Kc6 44. Ke5 Nc5 45. Kf6 Nd3 46. Bd2 Nf2 47. Kg7 Ne4 48. Bf4 Kb5 49.
Kxh7 Kxa5 50. Kxg6 1-0

[Event "Early-Titled-Tuesday-Blitz-March-05-2024"]
[Site "Chess.com"]
[Date "2024.03.05"]
[Round "3"]
[White "Supergiuly"]
[Black "Kislov_Oleg"]
[Result "0-1"]
[WhiteElo "2363"]
[BlackElo "2579"]
[TimeControl "180+1"]
[EndTime "8:31:54 PST"]
[Termination "Kislov_Oleg won by resignation"]

1. e4 c5 2. Ne2 Nc6 3. Nbc3 g6 4.
d4 cxd4 5. Nxd4 Bg7 6. Be3 d6 7. f3 Nf6 8. Qd2 O-O 9. O-O-O Bd7 10. g4 Rc8 11. h4 h5 12. gxh5 Nxh5 13. Rg1 Ne5 14. Kb1 Nc4 15. Bxc4 Rxc4 16. Qe2 Qc8 17. f4 Rxc3 18. bxc3 Qxc3 19. Qd3 Qc7 20. f5 Kh7 21.
fxg6+ fxg6 22. e5 Bf5 23. Nxf5 Rxf5 24. Rxg6 Rxe5 25. Rxd6+ Kg8 26. Rd8+ Kf7 27. Rf1+ Nf6 28. Qb3+ e6 29. Qd3 Ke7 30. Rd1 Rd5 31. Rxd5 exd5 32. Qa3+ Kf7 33. Bxa7 Ne4 34. Rf1+ Kg8 35. Rf3 Nd2+ 36.
Kc1 Nxf3 37. Qxf3 Qa5 38. Qe3 Qb5 39. Qe6+ Kh7 40. Qf5+ Kg8 41. Qc8+ Kh7 42. Qf5+ Kg8 43.
Qf2 Qb2+ 44. Kd2 Qb4+ 45. Ke2 Qe4+ 46. Qe3 Qxc2+ 47. Qd2 Qc4+ 48. Ke1 Bc3 0-1

[Event "Early-Titled-Tuesday-Blitz-March-05-2024"]
[Site "Chess.com"]
[Date "2024.03.05"]
[Round "3"]
[White "db-banana"]
[Black "ZuraTqebuchava"]
[Result "1-0"]
[WhiteElo "2469"]
[BlackElo "2246"]
[TimeControl "180+1"]
[EndTime "8:31:55 PST"]
[Termination "db-banana won on time"]

1. e4 g6 2. Nc3 Bg7 3. d4 c6 4.
h3 d6 5. g4 h5 6. g5 Nd7 7. Bg2 e5 8. d5 cxd5 9. Nxd5 Nb6 10. c3 Be6 11. Be3 Nxd5 12. exd5 Bf5 13. Ne2 h4 14. O-O Ne7 15. c4 Qd7 16. Kh2 O-O 17.
Rc1 b6 18. b4 a5 19. c5 bxc5 20. bxc5 dxc5 21. Rxc5 Rad8 22. Qc1 e4 23. Rd1 Be5+ 24. Bf4 Qd6 25. Bxe5 Qxe5+ 26. Qf4 Qb2 27. Rd2 Qb6 28. Qe3 Qd6+ 29. Kg1 Rb8 30. Rd1 a4 31. Nf4 Rb2 32. a3 Rb3 33. Qd4 Qxf4 34. d6 Nc8 35. d7 Bxd7 36.
Qxd7 Rb2 37. Rf1 Nb6 38. Qd4 Qxg5 39. Rxg5 e3 40. Qxe3 Rb3 41. Qe4 Nd7 42. Qd5 Nf6 43.
Rxg6+ Kh7 44. Rxf6 Kg7 45. Qg5+ 1-0